 Dungeon Crawl Stone Soup version 0.27.0-1-g7a089689b8 (webtiles) character file.

Game seed: 8701370799737736379

23 Sabo the Chopper (level 2, -7/23 HPs)
             Began as a Demonspawn Gladiator on Aug 14, 2021.
             Killed by nerve-wracking pain
             ... invoked by Jessica
              (13 damage)
             ... on level 2 of the Dungeon.
             The game lasted 00:06:24 (1360 turns).

Sabo the Chopper (Demonspawn Gladiator)             Turns: 1360, Time: 00:06:25

Health: -7/23      AC: 11    Str: 14    XL:     2   Next: 72%
Magic:  2/2        EV:  6    Int:  9    God:
Gold:   111        SH:  0    Dex: 14    Spells: 1/1 levels left

rFire    . . .     SeeInvis .   a - +0 war axe
rCold    . . .     Faith    .   (no shield)
rNeg     . . .     Spirit   .   i - +0 chain mail
rPois    .         Reflect  .   c - +0 helmet
rElec    .         Harm     .   (no cloak)
rCorr    .         Rampage  .   (no gloves)
Will     .....                  (no boots)
Stlth    ..........             (no amulet)
HPRegen  0.07/turn              (no ring)
MPRegen  0.08/turn              (no ring)

@: no status effects
A: slimy green scales 1
a: no special abilities


You were on level 2 of the Dungeon.
You visited 1 branch of the dungeon, and saw 2 of its levels.

You collected 111 gold pieces.

Inventory:

Hand Weapons
 a - a +0 war axe (weapon)
Missiles
 d - 3 throwing nets (quivered)
 f - 49 sling bullets
 k - 18 bolts
Armour
 c - a +0 helmet (worn)
 i - a +0 chain mail (worn)
Scrolls
 e - a scroll of brand weapon {unknown}
 g - a scroll of identify {unknown}
 h - a scroll of fear {unknown}
 j - a scroll of teleportation {unknown}
Potions
 b - a potion of might {unknown}


   Skills:
 + Level 2.3 Fighting
 + Level 3.1 Axes
 + Level 1.7 Throwing
 + Level 0.2 Armour
 + Level 3.0 Dodging
 + Level 0.2 Stealth


You had one spell level left.
You didn't know any spells.
Your spell library was empty.

Dungeon Overview and Level Annotations

Branches:
Dungeon (2/15)

Altars:

Annotations:
D:2 Jessica


Innate Abilities, Weirdness & Mutations

You are partially covered in slimy green scales. (AC +2)


Message History

You enter a dispersal trap!
You blink.
Really walk into that dispersal trap?
You enter a dispersal trap!
You blink.
There is a stone staircase leading down here.
You climb downwards.
There is a stone staircase leading up here.
Found a runed short sword.
Found a stone staircase leading down.
A goblin comes into view. It is wielding a +0 dagger.
The goblin shouts!
The goblin hits you but does no damage.
You see here a +0 short sword of venom.
You closely miss the goblin. The goblin closely misses you.
Your chain mail prevents you from hitting the goblin.
The goblin barely misses you.
Jessica the Apprentice Sorceress comes into view.
She is wielding a +0 club.
You slash the goblin!
You kill the goblin!
Jessica mumbles some strange words.
Jessica seems to speed up.
Jessica mumbles some strange words.
Jessica blinks!
Jessica gestures wildly while chanting.
Jessica blinks!
Found a white potion and 13 gold pieces.
Things that are here:
a +0 dagger; a goblin corpse Jessica casts a spell at you.
Pain shoots through your body! Jessica gestures at you while chanting.
Pain shoots through your body!
* * * LOW HITPOINT WARNING * * *
You barely miss Jessica. Jessica barely misses you.
Jessica hits you but does no damage.
You completely miss Jessica.
An adder comes into view.
Jessica gestures at you while chanting. Pain shoots through your body!
Ouch! That really hurt!
You die...

......##.#..####.#.##...
......##.#..####.# # .
#......##<...#
#.#.#)##.#####.#
.##.#.#)##.# #.#
.........#.## #.#
S##.!.......# ###
............#
.##..#@@.#..#
#..##.....# ...
......... ###.
#......$.. ###.##.### ##
.# #


You could see an adder (wandering) and Jessica (fast).

Vanquished Creatures
  A bat (D:1)
  3 endoplasms (D:1)
  2 giant cockroaches (D:1)
  A goblin (D:2)
  2 hobgoblins (D:1)
  2 jackals (D:1)
  A quokka (D:1)
  4 ball pythons (D:1)
  2 kobolds (D:1)
  2 rats (D:1)
20 creatures vanquished.

Vanquished Creatures (others)
  3 toadstools (D:1)
3 creatures vanquished.

Grand Total: 23 creatures vanquished

Notes
Turn   | Place    | Note
-------+----------+-------------------------------------------
     0 | D:1      | Sabo the Demonspawn Gladiator began the quest for the Orb.
     0 | D:1      | Reached XP level 1. HP: 16/16 MP: 1/1
   521 | D:1      | Gained mutation: You are partially covered in slimy green
                  | scales. (AC +2) [demonic ancestry]
   521 | D:1      | Reached XP level 2. HP: 22/22 MP: 2/2
  1352 | D:2      | Noticed Jessica
  1360 | D:2      | Killed from afar by Jessica

Illustrated notes

Levels and vault maps discovered:
D:1:      eino_arrival_cavern_e, layout_loops_ring, grunt_decor_resistance,
          minmay_gold_behind_fungi, minmay_liquid_box
D:2:      layout_basic, shapermc_ecumenical_altar_acropolis, minivault_4,
          uniq_sigmund, uniq_jessica

Skill      XL: |  1  2 |
---------------+-------+-----
Axes           | 3 |  3.1
Dodging        | 3 |  3.0
Fighting       | |  2.3
Throwing       | |  1.7
Armour         | |  0.2
Stealth        | |  0.2

Action                   || total
-------------------------++-------
Melee: War axe           ||    57
 Stab: Sleeping          ||     1
Armor: Ring mail         ||    19
       Leather armour    ||     3
       Chain mail        ||     6
Dodge: Dodged            ||    36
